Map: [ESL] Waterfall

Players

Spirit

  • Race: Terran Terran
  • Spawn Location: 7:00

HateMe - Winner!

  • Race: Zerg Zerg
  • Spawn Location: 1:00

Event: DreamHack SC2 Masters 2022 Atlanta (Online)

VOD

Have the link to the VOD?

Description

Time

  • Played on: Oct. 9, 2022, 12:38 p.m.
  • Length: 20:26

All games in this series

Show
View Real Time Build Order
Export as new Build Order

Spirit Terran 

Build Orders: Reaper Expand, Hellion Banshee 

Get SALT Encoding   

  12  0:00  SCV  
  13  0:12  SCV  
  14  0:17  Supply Depot  
  14  0:24  SCV  
  15  0:39  SCV  
  15  0:41  Barracks  
  16  0:44  Refinery  
  16  0:51  SCV  
  17  1:03  SCV  
  18  1:15  SCV  
  19  1:28  Reaper, Orbital Command  
  20  1:40  Command Center  
  20  1:49  Supply Depot  
  20  1:54  SCV  
  20  2:00  Marine  
  22  2:06  SCV  
  23  2:13  Factory  
  23  2:18  SCV  
  23  2:22  Barracks Reactor  
  24  2:30  SCV  
  25  2:41  Command Center  
  25  2:44  SCV  
  26  2:53  Orbital Command  
  26  2:56  SCV  
  27  3:04  Starport  
  27  3:06  Refinery  
  27  3:09  SCV  
  27  3:12  Hellion  
  30  3:18  Hellion  
  32  3:20  SCV  
  32  3:22  Barracks Tech Lab  
  32  3:26  SCV  
  34  3:33  SCV  
  35  3:36  Hellion  
  35  3:38  SCV  
  35  3:40  Hellion  
  40  3:45  SCV  
  40  3:47  Banshee  
  44  3:50  SCV  
  44  3:54  Orbital Command  
  45  3:57  SCV  
  45  4:00  Cloaking Field  
  45  4:02  SCV  
  47  4:03  Hellion  
  47  4:05  Hellion  
  47  4:09  SCV  
  52  4:14  Supply Depot, SCV  
  53  4:18  Barracks Tech Lab  
  53  4:20  SCV  
  53  4:21  SCV  
  55  4:26  SCV  
  55  4:29  Hellion  
  55  4:30  Hellion  
  60  4:33  SCV  
  60  4:35  Banshee  
  60  4:36  Marine  
  60  4:38  Supply Depot  
  65  4:41  Stimpack  
  65  4:42  SCV  
  65  4:43  SCV  
  65  4:45  SCV  
  68  4:55  SCV  
  68  4:58  Refinery, Factory Reactor  
  68  4:59  Refinery, Orbital Command, SCV  
  70  5:00  Barracks, Marine  
  70  5:02  Supply Depot, Barracks  
  72  5:07  SCV  
  72  5:11  Engineering Bay, SCV  
  72  5:12  Supply Depot  
  72  5:13  Engineering Bay  
  73  5:19  SCV  
  74  5:24  SCV  
  74  5:25  SCV  
  74  5:26  Barracks  
  76  5:29  Barracks  
  76  5:31  SCV, Starport Reactor  
  77  5:36  SCV  
  77  5:38  SCV  
  77  5:43  SCV  
  77  5:45  Marine  
  75  5:53  Siege Tank  
  75  5:54  Marine x2  
  75  5:55  Terran Infantry Armor Level 1, Terran Infantry Weapons Level 1  
  80  5:57  SCV x2  
  80  6:00  Supply Depot  
  80  6:01  Supply Depot  
  80  6:02  Marine  
  83  6:12  Marine x2  
  85  6:20  SCV, Marine  
  85  6:21  SCV  
  85  6:23  SCV  
  85  6:25  Siege Tank  
  85  6:30  Barracks Reactor x2, Marine x2  
  85  6:31  Combat Shield  
  84  6:32  SCV  
  84  6:35  SCV, Marine x2  
  84  6:38  SCV, Marine  
  87  6:44  SCV  
  87  6:47  Bunker, Marine  
  87  6:48  Marine  
  87  6:49  Medivac x2  
  87  6:50  SCV x2  
  87  6:53  Marine x2  
  97  6:56  Supply Depot, Marine  
  97  6:57  SCV  
  97  6:58  Supply Depot  
  97  7:01  Armory  
  99  7:04  SCV x2  
  99  7:05  Marine x2  
  99  7:06  Marine  
  104  7:11  Marine x2  
  104  7:12  Marine x2  
  109  7:18  Marine x2  
  109  7:22  Supply Depot, Command Center  
  110  7:23  Marine x3  
  110  7:26  Refinery x2  
  110  7:29  Marine x4  
  115  7:31  Supply Depot  
  115  7:35  Marine  
  115  7:36  Marine  
  119  7:41  Marine x3  
  118  7:45  Medivac x2  
  118  7:46  Marine  
  118  7:47  Marine x3  
  118  7:48  Factory  
  118  7:49  SCV  
  118  7:50  SCV  
  128  7:53  Marine  
  128  7:54  Marine  
  128  7:56  Terran Infantry Weapons Level 2  
  128  7:57  Terran Infantry Armor Level 2  
  130  7:59  SCV, Marine  
  130  8:00  Marine  
  130  8:01  SCV  
  130  8:05  Siege Tank  
  137  8:06  SCV  
  137  8:10  Supply Depot  
  137  8:12  SCV  
  139  8:13  Supply Depot  
  139  8:14  Marine x2  
  141  8:31  SCV x2, Medivac x2  
  141  8:32  Marauder  
  149  8:34  Supply Depot, SCV  
  149  8:37  Supply Depot, Barracks Tech Lab, Siege Tank  
  149  8:38  Factory Tech Lab  
  149  8:41  Marine  
  154  8:43  SCV  
  154  8:44  SCV  
  156  8:56  SCV  
  156  8:58  Marauder x2  
  162  9:03  Command Center  
  162  9:04  SCV  
  162  9:08  Marine  
  162  9:09  Siege Tank  
  159  9:10  Marine x5  
  147  9:25  Orbital Command  
  147  9:27  SCV, Marine x3  
  128  9:32  Marine x4  
  128  9:34  Marine  
  128  9:35  Siege Tank  
  128  9:36  Planetary Fortress  
  131  9:51  Bunker  
  124  10:02  Marine x2  
  124  10:10  Orbital Command  
  124  10:12  Supply Depot x2  
  124  10:13  Supply Depot, Marine  
  124  10:14  Liberator x2, SCV x2, Siege Tank, Marine x3  
  124  10:15  Marine  
  139  10:26  Marine x3  
  139  10:27  SCV x2, Widow Mine  
  138  10:31  Marine  
  138  10:33  Marine x4  
  143  10:38  Bunker  
  143  10:39  SCV x2  
  143  10:41  Supply Depot  
  143  10:42  Supply Depot  
  146  10:44  Marine x3, Orbital Command  
  146  10:48  Widow Mine  
  146  10:49  Marine  
  128  10:51  Siege Tank  
  128  10:55  Marine x2  
  128  10:56  Reaper  
  112  11:00  Marine  
  112  11:02  Marine x3  
  112  11:04  Liberator  
  106  11:07  Marine  
  106  11:09  Siege Tank, Drilling Claws  
  113  11:11  Liberator  
  113  11:13  Marine x2  
  113  11:17  Marine  
  119  11:20  Planetary Fortress, Marine x2  
  121  11:26  Orbital Command  
  121  11:27  SCV  
  121  11:30  Marine  
  108  11:42  Marine x7  
  103  11:47  Marine  
  104  11:59  Marine x4  
  104  12:00  Widow Mine x2  
  112  12:01  Medivac  
  112  12:05  Medivac  
  97  12:23  Siege Tank  
  97  12:24  Marine x2  
  97  12:25  Marine x4  
  97  12:26  Marine x2  
  96  12:41  Siege Tank  
  96  12:42  Marine x6  
  96  12:43  Marine x2  
  103  12:48  Orbital Command  
  103  12:49  Medivac x2  
  99  13:00  Orbital Command, Marine x6  
  99  13:03  Siege Tank, Marine  
  99  13:05  Marine  
  96  13:18  Marine x3  
  96  13:19  Marine x2  
  99  13:26  Marine  
  100  13:30  Marine  
  91  13:39  Widow Mine  
  92  13:46  Orbital Command  
  88  13:54  Marine x4  
  79  13:58  Marine x2  
  81  14:04  Marine x2  
  83  14:12  Marine  
  83  14:17  Marine x2  
  81  14:21  Marine x2  
  85  14:28  Marine  
  88  14:33  Marine  
  88  14:36  Marine x2  
  91  14:39  Marine  
  91  14:43  Marine  
  91  14:51  Liberator  
  94  14:53  Liberator  
  94  14:55  Marine  
  94  14:58  Marine  
  99  15:02  Orbital Command  
  99  15:06  Marine  
  100  15:09  Marine x3  
  100  15:12  Marine  
  96  15:17  Marine  
  97  15:23  Marine  
  97  15:25  Marine x2  
  97  15:27  Marine  
  96  15:31  Marine  
  96  15:32  Marine  
  98  15:36  Marine  
  98  15:44  Liberator  
  98  15:49  Marine x2  
  102  15:52  Marine  
  104  15:59  Marine  
  104  16:00  Marine  
  101  16:06  Marine  
  101  16:09  Marine  
  103  16:17  Marine  
  88  16:40  Widow Mine  
  90  16:48  Marine  
  85  17:02  Medivac  
  85  17:06  Marine  
  83  17:16  Marine  
  84  17:42  Orbital Command  
  84  17:45  Widow Mine  
  85  17:54  Marine x2  
  71  18:00  Marine  
  71  18:04  Marine  
  69  18:13  Marine  
  69  18:17  Marine  
  69  18:19  Marine  
  68  18:23  Marine  
  60  18:30  Widow Mine, Marine  
  60  18:32  Marine  
  64  18:37  Medivac  
  64  18:39  Marine  
  62  18:46  Marine  
  62  18:47  Marine x2  
  46  19:04  Marine  
  45  19:28  Marine  
  42  19:34  Orbital Command  
  40  20:05  Marine x2  
Show
View Real Time Build Order
Export as new Build Order

HateMe Zerg - Winner!

Build Orders: Hatch First 

Get SALT Encoding   

  12  0:00  Drone  
  13  0:12  Overlord  
  13  0:17  Drone  
  14  0:30  Drone x2  
  16  0:49  Hatchery  
  15  0:51  Drone  
  15  0:55  Drone  
  17  0:58  Drone  
  18  1:10  Extractor  
  17  1:14  Spawning Pool  
  17  1:17  Drone  
  17  1:20  Drone  
  18  1:27  Drone  
  19  1:38  Drone  
  20  1:50  Overlord  
  20  2:01  Queen x2  
  20  2:02  Zergling x4  
  26  2:10  Drone  
  26  2:11  Drone  
  26  2:13  Metabolic Boost  
  28  2:21  Drone  
  29  2:23  Drone  
  30  2:38  Hatchery  
  29  2:44  Drone x2  
  29  2:47  Drone  
  29  2:51  Overlord  
  32  2:55  Drone x2  
  34  3:00  Queen  
  36  3:11  Queen  
  38  3:13  Overlord  
  38  3:17  Drone x2  
  38  3:18  Drone  
  41  3:21  Drone  
  41  3:22  Drone  
  41  3:25  Drone  
  44  3:36  Drone x2  
  44  3:37  Queen  
  48  3:43  Overlord  
  48  3:44  Drone x3  
  51  3:49  Queen  
  51  3:52  Drone x2  
  55  3:57  Queen  
  55  4:00  Overlord  
  55  4:02  Drone  
  58  4:03  Drone  
  58  4:05  Drone  
  58  4:07  Drone  
  61  4:14  Drone x4  
  65  4:18  Queen  
  65  4:21  Overlord  
  65  4:22  Drone x2  
  69  4:29  Drone x3  
  72  4:36  Evolution Chamber  
  72  4:37  Spore Crawler, Evolution Chamber  
  72  4:38  Spore Crawler x2  
  68  4:40  Drone x3  
  70  4:51  Overlord  
  70  4:52  Drone  
  71  4:55  Queen  
  71  4:57  Zergling x2  
  71  4:58  Zergling x2  
  71  4:59  Hatchery  
  74  5:02  Zerg Ground Armor Level 1  
  74  5:03  Zerg Melee Weapons Level 1  
  74  5:08  Zergling x8  
  74  5:10  Overlord  
  74  5:11  Drone  
  74  5:12  Drone  
  74  5:13  Drone  
  74  5:14  Drone  
  82  5:22  Lair  
  82  5:25  Zergling x6  
  85  5:28  Extractor  
  85  5:29  Extractor x2, Overlord  
  85  5:30  Drone x4, Extractor  
  85  5:32  Drone x3  
  85  5:34  Drone  
  89  5:41  Baneling Nest  
  88  5:49  Zergling x10  
  84  5:52  Zergling x2  
  84  5:55  Queen x2  
  84  5:56  Drone x2  
  91  6:02  Drone  
  92  6:07  Drone x7  
  92  6:08  Drone  
  92  6:11  Drone  
  98  6:17  Drone x2  
  98  6:18  Drone  
  98  6:23  Drone  
  97  6:27  Centrifugal Hooks  
  96  6:36  Zergling x12  
  96  6:37  Zergling x2  
  96  6:39  Zergling x2  
  104  6:47  Overlord x2  
  103  6:49  Zergling x4  
  103  6:52  Hatchery  
  104  6:56  Overseer  
  104  6:57  Zerg Melee Weapons Level 2  
  104  7:00  Zergling x16  
  112  7:01  Zerg Ground Armor Level 2  
  112  7:05  Zergling x2  
  112  7:13  Zergling x6  
  115  7:17  Zergling x8  
  115  7:18  Hatchery, Overlord  
  115  7:20  Baneling x9  
  115  7:22  Drone  
  119  7:24  Overseer  
  119  7:26  Drone x4  
  119  7:28  Drone  
  124  7:32  Drone x3  
  127  7:43  Drone x2  
  128  7:51  Overlord x2  
  128  7:52  Overlord  
  128  8:03  Overlord x2  
  128  8:08  Zergling x2  
  128  8:09  Zergling x10  
  134  8:13  Zergling x26  
  134  8:19  Baneling x12  
  147  8:20  Overlord x4  
  147  8:21  Zergling x10  
  147  8:26  Zergling x4  
  154  8:28  Baneling x8  
  154  8:29  Zergling x6  
  154  8:34  Zergling x8  
  161  8:37  Zergling x2  
  161  8:39  Zergling x4  
  164  8:42  Baneling  
  164  8:43  Baneling x2  
  164  8:45  Zergling x18  
  171  8:50  Zergling x8  
  171  8:51  Baneling x5  
  174  8:57  Baneling x2  
  174  8:58  Zergling x16, Baneling x4  
  181  9:03  Zergling x12  
  166  9:11  Zergling x20  
  166  9:13  Zergling x6  
  166  9:16  Zergling x4  
  173  9:18  Zergling x8  
  173  9:21  Zergling x6  
  170  9:26  Zergling x2  
  170  9:27  Zergling x6  
  170  9:29  Zergling x8  
  173  9:36  Zergling x6  
  173  9:37  Zergling x2  
  175  9:41  Zergling x8  
  176  9:45  Zergling x4  
  176  9:46  Zergling x8  
  178  9:53  Zergling x6  
  178  9:57  Zergling x2  
  181  10:00  Zergling x2  
  181  10:01  Hatchery  
  181  10:03  Overlord x3  
  181  10:05  Zergling x2  
  182  10:10  Overlord x2  
  182  10:12  Baneling x13  
  182  10:16  Infestation Pit  
  180  10:22  Baneling x11  
  180  10:23  Baneling x8  
  180  10:27  Zergling x2  
  180  10:28  Zergling x34  
  198  10:31  Baneling x10  
  198  10:32  Zergling x4  
  200  10:37  Baneling x9  
  198  10:46  Zergling x20  
  176  10:52  Zergling x6  
  176  10:55  Zergling x2  
  164  11:00  Zergling x4  
  164  11:02  Hive  
  157  11:05  Zergling x2  
  157  11:06  Zergling x4  
  157  11:07  Burrow  
  160  11:15  Zergling x10  
  165  11:20  Zergling x4  
  165  11:22  Baneling x4  
  165  11:23  Zergling x4  
  169  11:28  Zergling x6  
  169  11:29  Zergling x2  
  142  11:33  Zergling x4  
  142  11:34  Zergling x4  
  127  11:40  Zergling x2  
  127  11:41  Zergling x8  
  127  11:45  Zergling x8  
  122  11:49  Baneling x2  
  122  11:50  Baneling x2  
  122  11:51  Zergling x8  
  122  11:52  Baneling x3  
  122  11:53  Baneling x2  
  121  11:57  Baneling x4  
  121  11:58  Zergling x22  
  132  12:03  Zergling x2  
  132  12:05  Zergling x2  
  132  12:08  Zergling x4  
  136  12:09  Baneling  
  136  12:10  Baneling x3  
  136  12:11  Zergling x10  
  141  12:20  Zergling x18  
  133  12:24  Hatchery  
  133  12:28  Zergling x22  
  142  12:31  Zergling x2  
  129  12:37  Zergling x8  
  129  12:38  Overseer x2  
  129  12:40  Queen x2  
  129  12:41  Queen x4  
  136  12:47  Zergling x2  
  136  12:48  Zergling x10  
  136  12:50  Baneling x8  
  123  12:56  Zergling x4  
  116  12:59  Zergling x4  
  116  13:00  Zergling x2  
  116  13:03  Spore Crawler  
  114  13:09  Zergling x10  
  114  13:11  Zergling x2  
  118  13:24  Zergling x12  
  110  13:36  Zergling x12  
  110  13:38  Overseer  
  113  13:44  Drone x6  
  112  13:50  Zergling x4  
  112  13:52  Zergling x6  
  99  13:56  Zergling x2  
  99  14:00  Zergling x4  
  98  14:10  Zergling x10  
  98  14:12  Zergling x4  
  98  14:14  Zergling x4  
  102  14:19  Zergling x2  
  103  14:25  Baneling x14  
  103  14:26  Zergling x10  
  103  14:33  Zergling x8  
  107  14:42  Viper x2  
  113  14:48  Drone x2  
  113  14:51  Baneling x2  
  115  15:06  Drone x8  
  117  15:13  Drone x3  
  113  15:23  Drone x3  
  116  15:34  Zergling x8  
  116  15:35  Zergling x4  
  115  15:47  Zergling x12  
  118  15:57  Zergling x10  
  118  16:00  Zergling x2  
  118  16:01  Zergling x2  
  109  16:12  Zergling x12  
  109  16:15  Zergling x4  
  112  16:27  Zergling x14  
  119  16:33  Zergling x2  
  119  16:34  Zergling x4  
  119  16:37  Baneling x4  
  101  17:09  Drone x10  
  96  17:24  Zergling x2  
  96  17:25  Zergling x8  
  92  17:37  Zergling x10  
  97  17:46  Zergling x8  
  97  17:50  Zergling x4  
  102  17:58  Zergling x8  
  96  18:07  Zergling x10  
  96  18:10  Zergling x2  
  98  18:27  Zergling x14  
  105  18:35  Zergling x8  
  105  18:40  Spore Crawler  
  106  18:42  Zergling x4  
  106  18:48  Zergling x4  
  89  18:58  Zergling x8  
  89  18:59  Zergling x2  
  92  19:07  Zergling x4  
  94  19:10  Zergling x2  
  94  19:17  Baneling x6  
  92  19:29  Zergling x12  
  97  19:35  Drone x3  
  100  19:38  Drone x2  
  102  19:50  Drone  
  102  19:51  Drone x5  
  108  19:57  Overseer x2  
  102  20:09  Hatchery  
Tags
 
Add a new tag
Caveats
  • Supply blocks, unpowered buildings, or Contaminate may cause inaccurate times.
  • Supply counts are checked every 10 seconds.